 Seeded DCSS version 0.31-a0-4-gefa6de2278 (webtiles) character file.

Game seed: 2122283489254455534 (custom seed)

141 Pimp the Sneak (level 5, -6/31 HPs)
             Began as an Octopode Earth Elementalist on May 4, 2023.
             Mangled by a gnoll
             ... wielding a +0 spear
             ... led by a gnoll bouda
              (9 damage)
             ... on level 4 of the Dungeon.
             The game lasted 00:06:33 (2426 turns).

Pimp the Sneak (Octopode Earth Elementalist)        Turns: 2426, Time: 00:06:33

Health: -6/31      AC:  1    Str:  7    XL:     5   Next: 24%
Magic:  8/8        EV: 13    Int: 20    God:
Gold:   242        SH:  0    Dex: 10    Spells: 6/9 levels left

rFire   + . .        e - +9 shortbow "Azexzonk" {freeze, +Blink rN+ Will+ Dex-2}
rCold   . . .        (shield currently unavailable)
rNeg    + . .        (helmet restricted)
rPois   +            g - amulet of regeneration
rElec   .            k - ring of poison resistance
rCorr   .            (no ring)
SInv    .            (no ring)
Will    +....        (no ring)
Stlth   +++          (no ring)
HPRegen 1.05/turn    (no ring)
MPRegen 0.11/turn    (no ring)
                     (no ring)

%: no passive effects
@: weakened
A: almost no armour, amphibious, 8 rings, camouflage 1, gelatinous body 1,
(nimble swimmer 1), tentacles, deterioration 1, fire resistance 1, devolution 1
a: Evoke Blink


You were on level 4 of the Dungeon.
You visited 1 branch of the dungeon, and saw 4 of its levels.

You collected 242 gold pieces.

Inventory:

Hand Weapons
 e - the +9 shortbow "Azexzonk" (weapon) {freeze, +Blink rN+ Will+ Dex-2}
   (You acquired it on level 3 of the Dungeon)

   Dex:       It affects your dexterity (-2).
   rN:        It protects you from negative energy.
   +Blink:    It lets you blink.
   Will:      It increases your willpower.
Magical Staves
 d - a staff of earth
Jewellery
 g - an amulet of regeneration (around mantle)
 k - a ring of poison resistance (left tentacle)
Scrolls
 b - 2 scrolls of immolation {unknown}
Potions
 a - 2 potions of magic
 c - 2 potions of degeneration
 f - a potion of heal wounds
 h - a potion of might
 i - a potion of flight
 j - 2 potions of berserk rage
 n - 2 potions of brilliance


   Skills:
 + Level 2.7 Dodging
 + Level 4.1 Stealth
 + Level 1.1 Unarmed Combat
 + Level 2.6 Spellcasting
 + Level 2.0 Transmutations
 + Level 1.1 Fire Magic
 + Level 3.4 Earth Magic


You had 6 spell levels left.
You knew the following spells:

 Your Spells              Type           Power      Damage    Failure   Level
a - Sandblast             Erth           32%        2d9       3%          1
b - Scorch                Fire           14%        2d6       14%         2

Your spell library contained the following spells:

 Spells                   Type           Power      Damage    Failure   Level
 Passwall                 Tmut/Erth      10%        N/A       8%          2
 Blink                    Tloc           4%         N/A       22%         2
 Lesser Beckoning         Tloc           4%         N/A       22%         2
 Momentum Strike          Conj/Tloc      4%         3d8       22%         2
 Stone Arrow              Conj/Erth      18%        3d8       22%         3
 Petrify                  Tmut/Erth      13%        N/A       43%         4
 Flame Wave               Conj/Fire      4%         2d5       75%         4
 Summon Cactus Giant      Summ           1%         N/A       100%        6


Dungeon Overview and Level Annotations

Branches:
Dungeon (4/15)
 Temple: D:4-7

Altars:
Fedhas
Uskayaw


Innate Abilities, Weirdness & Mutations

You cannot wear most types of armour.
You are amphibious.
You can wear up to eight rings at the same time.
Your skin changes colour to match your surroundings (Stealth+).
Your rubbery body absorbs attacks. (AC +1, EV +1)
((You are camouflaged when in or above water. (Stealth+)))
You have tentacles for arms and can constrict up to eight enemies at once.
Your body sometimes deteriorates upon taking damage.
Your flesh is heat resistant. (rF+)
You have hidden genetic defects.


Message History

A gnoll bouda comes into view. It is wielding a +0 trident.
You shoot an arrow. The arrow hits the gnoll!
The arrow freezes the gnoll.
You kill the gnoll!
The gnoll bouda barks out a call to the hunt!
The gnoll picks up the pace!
You hear a shout!
Your Transmutations skill increases to level 2!
You shoot an arrow. The arrow barely misses the dart slug.
A gnoll comes into view. It is wielding a +0 spear.
The dart slug launches a dart at you. The slug dart hits you.
You shoot an arrow. The arrow hits the dart slug!
The arrow freezes the dart slug.
You kill the dart slug!
You shoot an arrow. The arrow hits the gnoll bouda!
The arrow freezes the gnoll bouda.
The gnoll bouda is heavily wounded.
You shoot an arrow. The arrow hits the gnoll bouda.
The arrow freezes the gnoll bouda.
The gnoll bouda is almost dead.
The gnoll bouda prays to its god.
The gnoll bouda is healed somewhat.
A jelly comes into view.
You shoot an arrow. The jelly quivers.
The arrow hits the gnoll.
The arrow freezes the gnoll.
The gnoll is heavily wounded.
A gnoll comes into view. It is wielding a +0 spear.
The gnoll hits you from afar with a +0 spear.
The gnoll hits you with a +0 flail!
The gnoll hits you from afar with a +0 spear!
The gnoll bouda calls upon its god to heal the gnoll.
The gnoll is healed somewhat.
The gnoll attacks as you move away! The gnoll closely misses you.
The gnoll bouda gazes fiercely through you!
You feel your attacks grow feeble. The gnoll hits you with a +0 flail!
* * * LOW HITPOINT WARNING * * *
The gnoll hits you from afar with a +0 spear!
You die...

...#....#........#
..##...#######'####
..##...###........#
...+.....#........# ....
...#.....#........# ....
...#.....#........# .....
..##.....#........# ....
..##...###........#...#
..##...#......##@##...##.
..'....#......#..g...g...
..#....#......#...gg†....
####...#......#..........
...#...+......#..........
...#...#......#......J...
...+...#......#.......##.
...#####......#.......#
........ #........


You could see a gnoll bouda, a jelly and 3 gnolls.

Vanquished Creatures
  A gnoll (D:4)
  6 adders
  3 worms
  A dart slug (D:4)
  2 orcs (D:3)
  5 endoplasms
  3 giant cockroaches
  4 goblins
  4 hobgoblins
  5 jackals
  6 quokkas
  7 ball pythons
  5 bats
  3 frilled lizards
  2 kobolds (D:1)
  6 rats
63 creatures vanquished.

Vanquished Creatures (others)
  A plant (D:2)
1 creature vanquished.

Grand Total: 64 creatures vanquished

Notes
Turn   | Place    | Note
-------+----------+-------------------------------------------
     0 | D:1      | Pimp the Octopode Earth Elementalist began the quest for
                  | the Orb.
     0 | D:1      | Reached XP level 1. HP: 11/11 MP: 3/3
   295 | D:1      | Reached XP level 2. HP: 17/17 MP: 3/5
   356 | D:1      | Reached skill level 3 in Stealth
  1002 | D:1      | Reached XP level 3. HP: 21/21 MP: 6/6
  1147 | D:2      | Learned a level 2 spell: Scorch
  1218 | D:2      | Reached XP level 4. HP: 13/27 MP: 1/7
  1817 | D:3      | Identified a scroll of acquirement
  1817 | D:3      | Acquired a staff of earth
  2023 | D:3      | Acquired the +9 shortbow "Azexzonk" {freeze, +Blink rN+
                  | Will+ Dex-2}
  2111 | D:3      | Found a blossoming altar of Fedhas.
  2111 | D:3      | Found a hide-covered altar of Uskayaw.
  2323 | D:4      | Reached skill level 1 in Unarmed Combat
  2323 | D:4      | Reached skill level 1 in Fire Magic
  2328 | D:4      | Reached skill level 4 in Stealth
  2328 | D:4      | Reached XP level 5. HP: 31/31 MP: 8/8
  2348 | D:4      | Gained mutation: Your flesh is heat resistant. (rF+)
                  | [potion of mutation]
  2348 | D:4      | Gained mutation: You have hidden genetic defects. [potion
                  | of mutation]
  2348 | D:4      | Gained mutation: Your body sometimes deteriorates upon
                  | taking damage. [potion of mutation]
  2426 | D:4      | Mangled by a gnoll

Illustrated notes

Levels and vault maps discovered:
D:1:      denvon_arrival_waterhouse, layout_basic
D:2:      layout_rooms, serial_forest, infiniplex_forest_clump_double,
          infiniplex_forest_straight_4, infiniplex_forest_zigzag_1,
          infiniplex_forest_lined_2, infiniplex_forest_zigzag_1,
          infiniplex_forest_straight_3, minmay_circle_x
D:3:      layout_rooms, gammafunk_temple_overflow_wave, kennysheep_another_room
D:4:      layout_gridville, minmay_shop_damaged

Skill      XL: |  1  2  3  4  5 |
---------------+----------------+-----
Stealth        | 3 4 |  4.1
Unarmed Combat | 1 |  1.1
Fire Magic     | 1 |  1.1
Transmutations | 2 |  2.0
Dodging        | |  2.7
Spellcasting   | |  2.6
Earth Magic    | |  3.4

Action                     |  1- 3 |  4- 6 || total
---------------------------+-------+-------++-------
  Melee: Unarmed           |    58 |    33 ||    91
         Constrict         |    20 |    11 ||    31
         Tentacles         |    18 |     9 ||    27
         Punch             |     2 |       ||     2
         Staff             |       |     5 ||     5
   Fire: Shortbow          |       |    30 ||    30
   Cast: Sandblast         |    16 |     6 ||    22
         Scorch            |     1 |       ||     1
    Use: Scroll            |       |    13 ||    13
         Potion            |       |     1 ||     1
   Stab: Sleeping          |     8 |     4 ||    12
 Armour: Skin              |     7 |     8 ||    15
  Dodge: Dodged            |    45 |    59 ||   104

Table legend: (Time is in decaauts)
 A = Elapsed time spent in this place.
 B = Non-inter-level travel time spent in this place.
 C = Inter-level travel time spent in this place.
 D = Time resting spent in this place.
 E = Time spent auto-exploring this place.
 F = Levels seen in this place.
 G = Mean time per level.
                   A        B        C        D        E       F      G
               +--------+--------+--------+--------+--------+-----+--------+
         Total |   2450 |   2351 |     99 |    387 |   1251 |   4 |  612.5 |
       Dungeon |   2450 |   2351 |     99 |    387 |   1251 |   4 |  612.5 |
               +--------+--------+--------+--------+--------+-----+--------+

Top non-repeatable levels by time:
     D:1: 1110 daAuts
     D:2: 638 daAuts
     D:3: 421 daAuts
     D:4: 279 daAuts
